 Dungeon Crawl Stone Soup version 0.31.0-9-g3a7656b989 (webtiles) character file.

Game seed: 4313264601269126857

46 qw the Shooter (level 3, -2/20 HPs)
             Began as a Deep Elf Hunter on Feb 2, 2024.
             Killed from afar by Ijyb (22 damage)
             ... with an iceblast
             ... on level 3 of the Dungeon.
             The game lasted 00:00:05 (1628 turns).

qw the Shooter (Deep Elf Hunter)                    Turns: 1628, Time: 00:00:05

Health: -2/20      AC:  6    Str: 10    XL:     3   Next: 46%
Magic:  5/5        EV: 12    Int: 13    God:
Gold:   106        SH:  5    Dex: 18    Spells: 2/2 levels left

rFire   + . .        a - +0 shortbow
rCold   . . .        (shield currently unavailable)
rNeg    . . .        j - +1 leather armour {rF+}
rPois   .            (no helmet)
rElec   .            (no cloak)
rCorr   .            d - +1 pair of gloves
SInv    +            (no boots)
Will    .....        g - amulet of reflection
Stlth   ++           i - +4 ring of slaying {mikee}
HPRegen 0.23/turn    e - ring of see invisible
MPRegen 0.09/turn

%: reflection
@: no status effects
A: no striking features
a: no special abilities


You were on level 3 of the Dungeon.
You visited 1 branch of the dungeon, and saw 3 of its levels.

You collected 106 gold pieces.


   Skills:
 - Level 1.5 Fighting
 + Level 7.0 Ranged Weapons
 - Level 2.4 Dodging
 - Level 1.2 Stealth


You had 2 spell levels left.
You didn't know any spells.
Your spell library was empty.

Inventory:

Hand Weapons
 a - a +0 shortbow (weapon)
Armour
 d - a +1 pair of gloves (worn)
 j - a +1 leather armour of fire resistance (worn)
 l - a +0 ring mail
Jewellery
 b - a ring of magical power
 e - a ring of see invisible (right hand)
 g - an amulet of reflection (around neck)
 i - a +4 ring of slaying (left hand) {mikee}
Potions
 f - a potion of haste
 m - a potion of curing

Dungeon Overview and Level Annotations

Branches:
Dungeon (3/15)

Altars:
Uskayaw

Annotations:
D:3 Ijyb


Message History

1542 ||| DROPPING potion of ambrosia.
You drop a potion of ambrosia.
Done exploring.
What level of the Dungeon? (default 2, ? - help)
There is a stone staircase leading down here.
You climb downwards.
Found a small wooden ring.
There is a stone staircase leading up here.
Waypoint 2 assigned to D:3.
Found 8 stones.
Found a stone staircase leading up.
b - a ring of magical power
There is a stone staircase leading up here.
You open the door.
Found an escape hatch in the ceiling.
As you open the door, it creaks loudly!
There is an open door here.
An adder comes into view.
You shoot an arrow. The arrow hits the adder!
The adder is almost dead.
You shoot an arrow. The arrow closely misses the adder.
You shoot an arrow. The arrow barely misses the adder.
The adder bites you but does no damage. The adder closely misses you.
You shoot an arrow. The arrow hits the adder!
You kill the adder!
Your Ranged Weapons skill increases to level 7!
A goblin comes into view. It is wielding a +0 dagger of venom.
You see here an adder corpse.
You shoot an arrow. The arrow hits the goblin!
You kill the goblin!
You see here a +0 dagger of venom.
Ijyb the Twisted Goblin comes into view.
She is wielding a +0 dagger and carrying a wand of iceblast.
Ijyb shouts!
You shoot an arrow. The arrow hits Ijyb!
Ijyb is moderately wounded.
You shoot an arrow. The arrow hits Ijyb.
Ijyb is heavily wounded.
You shoot an arrow. The arrow closely misses Ijyb.
Ijyb zaps a wand.
The mass of ice explodes!
The iceblast engulfs you!!
Ouch! That really hurt!
You die...

## #.# # #####.# #
#.....# ## #.##### .##
#.# ..## #.### ...##
#.#.## ####.
....###.%..#######......
...<'..<.......)@...g...
....###....#######.###..
...## #.#.## # ..##
#.### .## #.# ### #.#
..# #.# #.# #<#


You could see Ijyb.

Vanquished Creatures
  An adder (D:3)
  A dart slug (D:2)
  5 endoplasms (D:1)
  A hobgoblin (D:1)
  7 kobolds
  2 quokkas (D:1)
  2 ball pythons (D:1)
  4 bats
  4 frilled lizards
  5 goblins
  A rat (D:1)
33 creatures vanquished.

Notes
Turn   | Place    | Note
-------+----------+-------------------------------------------
     0 | D:1      | qw the Deep Elf Hunter began the quest for the Orb.
     0 | D:1      | Reached XP level 1. HP: 12/12 MP: 3/3
     0 | D:1      | 0 ||| qw: Version: 0.3-a-155-g5e7d8dd
     0 | D:1      | 0 ||| qw: Game counter: 2595
     0 | D:1      | 0 ||| qw: Melee chars always use a shield: true
     0 | D:1      | 0 ||| qw: God list: Okawaru
     0 | D:1      | 0 ||| qw: Allow faded altars: false
     0 | D:1      | 0 ||| qw: Do Orc after clearing Dungeon:15 true
     0 | D:1      | 0 ||| qw: Do second Lair branch before Depths: true
     0 | D:1      | 0 ||| qw: Lair rune preference: random
     0 | D:1      | 0 ||| qw: Goals: Normal
     0 | D:1      | 0 ||| PLANNING D:1-11
    69 | D:1      | Reached skill level 6 in Ranged Weapons
    69 | D:1      | Reached XP level 2. HP: 16/16 MP: 4/4
   379 | D:1      | Reached XP level 3. HP: 20/20 MP: 5/5
   620 | D:1      | 620 ||| UPGRADING to +0 pair of gloves.
   625 | D:1      | 625 ||| UPGRADING to +1 leather armour of fire resistance.
   635 | D:1      | 635 ||| DROPPING +0 leather armour.
   636 | D:1      | 636 ||| UPGRADING to +4 ring of slaying {mikee}.
   637 | D:1      | 637 ||| READING scroll labelled KUAKENE WIPSON.
   638 | D:1      | 638 ||| READING scroll labelled ICY WENISM.
   639 | D:1      | 639 ||| READING scroll labelled ABBOM VOWNU QYEN.
   639 | D:1      | 639 ||| ENCHANTING +0 pair of gloves.
   640 | D:1      | 640 ||| READING scroll labelled DUNINU MONG.
   641 | D:1      | 641 ||| READING scroll labelled NENUFUILLIRGH.
   641 | D:1      | 641 ||| IDENTIFYING smoky puce potion
   642 | D:1      | 642 ||| DRINKING 3 clear potions.
   643 | D:1      | 643 ||| DRINKING 2 bubbling pink potions.
   644 | D:1      | 644 ||| DROPPING scroll of butterflies.
   645 | D:1      | 645 ||| DROPPING 2 potions of attraction.
   905 | D:2      | Found a faded altar of an unknown god.
  1108 | D:2      | Found a hide-covered altar of Uskayaw.
  1529 | D:2      | 1529 ||| UPGRADING to amulet of reflection.
  1534 | D:2      | 1534 ||| UPGRADING to ring of see invisible.
  1535 | D:2      | 1535 ||| READING scroll of identify.
  1535 | D:2      | 1535 ||| IDENTIFYING fuming green potion
  1536 | D:2      | 1536 ||| READING 2 scrolls labelled JAKIKA LEGARA.
  1537 | D:2      | 1537 ||| READING scroll labelled LEFE QYMMIGIRR.
  1541 | D:2      | 1541 ||| DROPPING scroll of fog.
  1542 | D:2      | 1542 ||| DROPPING potion of ambrosia.
  1616 | D:3      | Reached skill level 7 in Ranged Weapons
  1625 | D:3      | Noticed Ijyb
  1628 | D:3      | Killed from afar by Ijyb

Levels and vault maps discovered:
D:1:      lightli_arrival_statue_moat, layout_loops_ring,
          chequers_decorated_corner, hex_medium, minmay_distorted
D:2:      layout_basic, basic_altar,
          hellmonk_ecumenical_altar_pennies_from_heaven,
          small_statue_intersection
D:3:      layout_loops_corners, uniq_ijyb

Skill      XL: |  1  2  3 |
---------------+----------+-----
Ranged Weapons | 6 7 |  7.0
Fighting       | |  1.5
Dodging        | |  2.4
Stealth        | |  1.2

Action                     || total
---------------------------++-------
   Fire: Shortbow          ||    65
    Use: Scroll            ||     8
         Potion            ||     2
 Armour: Leather armour    ||    10
  Dodge: Dodged            ||     6

Table legend:
 A = Non-vault XP
 B = Vault XP
 C = Vault XP percentage of total XP
 D = Non-vault monster count
 E = Vault monster count
 F = Vault count percentage of total count
                 A         B        C        D         E       F
            +---------+---------+-------+---------+---------+-------
      Total |      67 |       0 |   0.0 |      33 |       0 |   0.0
            +---------+---------+-------+---------+---------+-------
        D:1 |      43 |       0 |   0.0 |      26 |       0 |   0.0
        D:2 |       9 |       0 |   0.0 |       5 |       0 |   0.0
        D:3 |      15 |       0 |   0.0 |       2 |       0 |   0.0
            +---------+---------+-------+---------+---------+-------
